 Dungeon Crawl Stone Soup version 0.30.1-11-g7821555f0a (webtiles) character file.

Game seed: 931871483130398773

289710 Peloso the Hoplite (level 19, -1/178 (183) HPs)
             Began as a Minotaur Fighter on Dec 6, 2023.
             Was the Champion of Okawaru.
             Slain by an acid blob (3 damage)
             ... summoned by a demonspawn corrupter
             ... in a wizard's laboratory.
             The game lasted 02:04:54 (43746 turns).

Peloso the Hoplite (Minotaur Fighter)              Turns: 43746, Time: 02:04:55

HP:   -1/178 (183)  AC:  1    Str: 26    XL:     19   Next: 92%
MP:   19/19         EV: 18    Int: 10    God:    Okawaru [******]
Gold: 3486          SH: 29    Dex: 30    Spells: 18/18 levels left

rFire   + + +        a - +5 double sword (spect)
rCold   . . .        d - +3 kite shield of Gallantry {rF+ Will++}
rNeg    . . .        S - +7 chain mail "Nizep" {*Slow rF- Regen+ Int+6}
rPois   +            T - +0 hat of Minor Irritation {Int+2 Dex+5}
rElec   +            q - +0 cloak of Hubris {rElec rF+}
rCorr   .            Z - +2 pair of gloves {Dex+3}
SInv    .            n - +1 pair of boots {Fly}
Will    +++..        H - amulet of reflection
Stlth   +            m - +6 ring of dexterity
HPRegen 1.29/turn    f - ring of Zugreng {Fly rPois rF+++ Str+3 Int-3}
MPRegen 0.16/turn

%: slow self (1%), reflection
@: corroded, flying, slowed, lightly drained, very slow
A: horns 2, retaliatory headbutt
}: 2/15 runes: decaying, gossamer
a: Renounce Religion, Heroism, Finesse, Duel


You were in a wizard's laboratory.
You worshipped Okawaru.
Okawaru was exalted by your worship.
You visited 8 branches of the dungeon, and saw 35 of its levels.
You also visited: Bailey, Ice Cave, Volcano and Wizlab.

You collected 4885 gold pieces.
You spent 1399 gold pieces at shops.

Inventory:

Hand Weapons
 a - a +5 spectral double sword (weapon)
 b - a +1 heavy scimitar
 c - a +0 scimitar of flaming
Armour
 d - the +3 kite shield of Gallantry (worn) {rF+ Will++}
   (Okawaru gifted it to you on level 2 of the Orcish Mines)

   rF:        It protects you from fire.
   Will:      It greatly increases your willpower.
 n - a +1 pair of boots of flying (worn)
 q - the +0 cloak of Hubris (worn) {rElec rF+}
   (You bought it in a shop on level 2 of the Elven Halls)

   rF:        It protects you from fire.
   rElec:     It insulates you from electricity.
 v - the +2 cloak of Peek-a-Boo {Will+++ Dex-2 SInv}
   (Okawaru gifted it to you on level 1 of the Vaults)

   Dex:       It affects your dexterity (-2).
   SInv:      It lets you see invisible.
   Will:      It greatly increases your willpower.
 x - the +9 plate armour of Focus {+Inv rC- rN+ Dex+6}
   (You bought it in a shop on level 2 of the Elven Halls)

   Dex:       It affects your dexterity (+6).
   rC:        It makes you vulnerable to cold.
   rN:        It protects you from negative energy.
   +Inv:      It lets you turn invisible.
 S - the +7 chain mail "Nizep" (worn) {*Slow rF- Regen+ Int+6}
   (Okawaru gifted it to you on level 5 of the Lair of Beasts)

   Int:       It affects your intelligence (+6).
   rF:        It makes you vulnerable to fire.
   Regen:     It increases your rate of health regeneration.
   *Slow:     It may slow you when you take damage.
 T - the +0 hat of Minor Irritation (worn) {Int+2 Dex+5}
   (You found it on level 4 of the Spider Nest)

   Int:       It affects your intelligence (+2).
   Dex:       It affects your dexterity (+5).
 Z - a +2 pair of gloves of dexterity (worn)
Jewellery
 f - the ring of Zugreng (right hand) {Fly rPois rF+++ Str+3 Int-3}
   (You found it on level 3 of the Elven Halls)

   [ring of poison resistance]

   Str:       It affects your strength (+3).
   Int:       It affects your intelligence (-3).
   rF:        It renders you almost immune to fire.
   rPois:     It protects you from poison.
   Fly:       It grants you flight.
 m - a +6 ring of dexterity (left hand)
 G - a ring of protection from cold
 H - an amulet of reflection (around neck)
Wands
 h - a wand of quicksilver (7)
 i - a wand of polymorph (12)
 X - a wand of digging (3)
Scrolls
 e - 12 scrolls of teleportation
 j - a scroll of brand weapon
 k - 4 scrolls of poison
 l - 5 scrolls of magic mapping
 o - a scroll of silence
 p - a scroll of amnesia
 r - a scroll of enchant armour
 s - 9 scrolls of fear
 y - 8 scrolls of blinking
 D - 22 scrolls of identify
 E - 5 scrolls of immolation
Potions
 g - 7 potions of haste
 t - 9 potions of flight
 u - 3 potions of invisibility
 w - a potion of mutation
 z - 12 potions of curing
 A - a potion of experience
 B - 6 potions of resistance
 M - 10 potions of might
 N - 2 potions of berserk rage


   Skills:
 + Level 19.3 Fighting
 + Level 20.3 Long Blades
 + Level 17.0 Armour
 + Level 9.8 Dodging
 + Level 5.8 Stealth
 + Level 26.2 Shields
 + Level 2.4 Invocations
 + Level 1.2 Evocations


You had 18 spell levels left.
You didn't know any spells.
Your spell library contained the following spells:

 Spells                   Type           Power      Damage    Failure   Level
 Apportation              Tloc           0%         N/A       75%         1
 Beastly Appendage        Tmut           0%         N/A       75%         1
 Foxfire                  Conj/Fire      0%         2x1d4     75%         1
 Freeze                   Ice            0%         1d3       75%         1
 Magic Dart               Conj           0%         1d3       75%         1
 Necrotise                Necr           0%         1d4       75%         1
 Shock                    Conj/Air       0%         1d3       75%         1
 Slow                     Hex            0%         N/A       75%         1
 Sting                    Tmut/Pois      0%         1d3       75%         1
 Blink                    Tloc           0%         N/A       86%         2
 Ensorcelled Hibernation  Hex/Ice        0%         N/A       86%         2
 Lesser Beckoning         Tloc           0%         N/A       86%         2
 Momentum Strike          Conj/Tloc      0%         3d8       86%         2
 Passwall                 Tmut/Erth      0%         N/A       86%         2
 Poisonous Vapours        Pois/Air       0%         N/A       86%         2
 Sublimation of Blood     Necr           0%         N/A       86%         2
 Wereblood                Tmut           0%         N/A       86%         2
 Confusing Touch          Hex            0%         N/A       98%         3
 Dazzling Flash           Conj/Hex       0%         N/A       98%         3
 Frozen Ramparts          Ice            0%         1d1       98%         3
 Ignite Poison            Fire/Tmut/Pois 0%         N/A       98%         3
 Inner Flame              Hex/Fire       0%         N/A       98%         3
 Mephitic Cloud           Conj/Pois/Air  0%         N/A       98%         3
 Ozocubu's Armour         Ice            0%         N/A       98%         3
 Portal Projectile        Hex/Tloc       0%         N/A       98%         3
 Spider Form              Tmut/Pois      0%         N/A       98%         3
 Swiftness                Air            0%         N/A       98%         3
 Vampiric Draining        Necr           0%         2d6       98%         3
 Vhi's Electric Charge    Tloc/Air       0%         N/A       98%         3
 Volatile Blastmotes      Fire/Tloc      0%         2d10      98%         3
 Airstrike                Air            0%         2d(0-16)  100%        4
 Anguish                  Hex/Necr       0%         N/A       100%        4
 Ice Form                 Ice/Tmut       0%         N/A       100%        4
 Iskenderun's Mystic Bla  Conj/Tloc      0%         2d3       100%        4
 Leda's Liquefaction      Hex/Erth       0%         N/A       100%        4
 Petrify                  Tmut/Erth      0%         N/A       100%        4
 Sticky Flame             Conj/Fire      0%         2d3       100%        4
 Agony                    Necr           0%         N/A       100%        5
 Alistair's Intoxication  Tmut/Pois      0%         N/A       100%        5
 Arcjolt                  Conj/Air       0%         1d10      100%        5
 Blade Hands              Tmut           0%         N/A       100%        5
 Fireball                 Conj/Fire      0%         3d3       100%        5
 Irradiate                Conj/Tmut      0%         3d11      100%        5
 Iskenderun's Battlesphe  Conj           0%         2d6       100%        5
 Metabolic Englaciation   Hex/Ice        0%         N/A       100%        5
 Silence                  Hex/Air        0%         N/A       100%        5
 Yara's Violent Unravell  Hex/Tmut       0%         3d3       100%        5
 Iron Shot                Conj/Erth      0%         9d1       100%        6
 Plasma Beam              Fire/Air       0%         2x1d11    100%        6
 Starburst                Conj/Fire      0%         6d3       100%        6
 Statue Form              Tmut/Erth      0%         N/A       100%        6
 Dragon Form              Tmut           0%         N/A       100%        7
 Enfeeble                 Hex            0%         N/A       100%        7
 Ozocubu's Refrigeration  Ice            0%         4d7       100%        7
 Ignition                 Fire           0%         3d3       100%        8
 Polar Vortex             Ice            0%         N/A       100%        9
 Summon Small Mammal      Summ           Unusable   N/A       N/A         1
 Call Imp                 Summ           Unusable   N/A       N/A         2
 Call Canine Familiar     Summ           Unusable   N/A       N/A         3
 Summon Ice Beast         Ice/Summ       Unusable   N/A       N/A         4
 Simulacrum               Ice/Necr       Unusable   N/A       N/A         6
 Spellforged Servitor     Conj/Summ      Unusable   N/A       N/A         7
 Summon Hydra             Summ           Unusable   N/A       N/A         7

Dungeon Overview and Level Annotations

Branches:
Dungeon (15/15)            Temple (1/1) D:6            Lair (5/5) D:10
  Swamp (4/4) Lair:3       Spider (4/4) Lair:2        Slime (0/5) Lair:4
    Orc (2/2) D:9             Elf (3/3) Orc:2        Vaults (1/5) D:14
 Depths (0/4) D:15         Bailey (visited)           IceCv (visited)
Volcano (visited)          WizLab (1/1)

Altars:
Ashenzari
Cheibriados
Elyvilon
Fedhas
Gozag
Hepliaklqana
Kikubaaqudgha
Makhleb
Nemelex Xobeh
Okawaru
Qazlal
Ru
Sif Muna
Trog
Uskayaw
Wu Jian
Xom
Yredelemnul
Zin
The Shining One

Shops:
D:3 *   D:4 =   D:5 *   D:10 (   D:14 :   Orc:2 ==(:   Elf:1 ?:   Elf:2 [[*
Elf:3 =   Vaults:1 (

Portals:
Abyss: D:13
Trove: Elf:1 (give +2 storm dragon scales)

Annotations:
D:13 2 transporters, bimbombam's ghost, journeyman AtFi
Lair:1 Casa
Elf:2 3 runed translucent doors


Innate Abilities, Weirdness & Mutations

You have a pair of horns on your head.
You reflexively headbutt those who attack you in melee.


Message History

You feel drained.
* * * LOW HITPOINT WARNING * * *
The ghostly fireball engulfs your +5 spectral double sword.
Your +5 spectral double sword completely resists.
The ghostly fireball engulfs the revenant.
The revenant completely resists.
The demonspawn corrupter barely misses your +5 spectral double sword. x2
You feel your intelligence returning.
You hit the revenant but do no damage.
You headbutt the revenant, but do no damage.
Your +5 spectral double sword hits the revenant.
You block the revenant's attack.
Unknown command.
You closely miss the revenant.
The revenant is lightly damaged.
Your +5 spectral double sword hits the revenant!
The demonspawn corrupter closely misses your +5 spectral double sword. x2
Unknown command.
You slash the revenant!
You headbutt the revenant, but do no damage.
The revenant is moderately damaged.
Your +5 spectral double sword hits the revenant but does no damage.
You block the revenant's attack.
The demonspawn corrupter calls forth creatures from the Pits of Slime!
Unknown command.
You slice the revenant!!
The revenant is severely damaged.
Your +5 spectral double sword hits the revenant.
The revenant blinks!
Unknown command.
Your +5 spectral double sword disappears.
You block the acid blob's attack. The acid blob spits acid at you.
The splash of acid hits you!!
* * * LOW HITPOINT WARNING * * *
You feel yourself slow down. The acid corrodes you!
You block the rockslime's attack.
The demonspawn corrupter mumbles some strange prayers to Lugonu against you.
The entropic weave corrodes you! The acid blob hits you.
You die...

#########+#
#..)6z....#
#.J@J#.)..#
#...J#..§.#
##+##'####+####
+§§........#
#§.......!.#
#####+########'#
#...#..........######
#.).#..........+.....
###'#..8.......+.!~~~


You could see 2 acid blobs, a demonspawn corrupter, a revenant (summoned) and a
rockslime (summoned).

Vanquished Creatures
  Bai Suzhen (Swamp:3)
  A tentacled monstrosity (Swamp:3)
  Jorgrun (D:12)
  An Ice Fiend (IceCv)
  4 deep elf master archers (Elf:3)
  2 deep elf blademasters (Elf:3)
  An acid blob (Spider:3)
  A thorn hunter (Swamp:4)
  Donald (Spider:1)
  A fenstrider witch (Swamp:3)
  6 deep elf sorcerers
  5 emperor scorpions
  A vault warden (D:13)
  Aizul (Spider:2)
  Louise (Spider:1)
  7 ghost moths
  An orc warlord (Vaults:1)
  A demonspawn corrupter (WizLab)
  A ghoul (Swamp:3)
  2 ironbound preservers
  3 deep elf elementalists (Elf:3)
  3 broodmothers
  2 very ugly things
  2 war gargoyles (Vaults:1)
  2 hydra skeletons (Swamp:4)
  2 ironbound thunderhulks (Vaults:1)
  2 eleionomae (Swamp:3)
  Azrael (D:12)
  2 vampire knights
  A dire elephant (Vaults:1)
  A spark wasp (Spider:4)
  A red draconian (Volcano)
  6 deep elf annihilators
  5 bunyips
  An ettin (WizLab)
  3 deep elf death magi (Elf:3)
  5 entropy weavers
  A yaktaur captain (Vaults:1)
  3 deep elf high priests
  6 shambling mangroves
  Fannar (D:12)
  17 hydras
  A rakshasa (D:14)
  2 vault guards (D:13)
  A great orb of eyes (Vaults:1)
  Erolcha (D:9)
  2 caustic shrike simulacra (IceCv)
  An ice dragon (Lair:3)
  2 ghost crabs
  2 peacekeepers (Vaults:1)
  A catoblepas (D:13)
  An ironbound frostheart (Vaults:1)
  An ogre mage (Volcano)
  2 spriggan air magi
  The ghost of Ihait the Thaumaturge, a journeyman DECj of Sif Muna (Lair:3)
  8 centaur warriors
  A jorogumo (Spider:3)
  3 radroaches
  11 boulder beetles
  A death knight (D:14)
  9 two-headed ogres
  3 tengu warriors
  7 alligators
  17 dancing weapons
  2 spriggan berserkers
  Urug (D:10)
  Sonja (D:11)
  4 skysharks
  4 skeletal warriors (D:15)
  12 deep elf knights
  Lodul (D:10)
  2 goliath frogs
  6 pharaoh ants
  A sun moth (Spider:1)
  3 spriggan druids (Swamp:4)
  2 obsidian statues (IceCv)
  7 deep elf archers
  13 swamp dragons
  3 ironbound convokers (Vaults:1)
  8 orb spiders
  13 bog bodies
  4 lindwurms (Vaults:1)
  A spriggan simulacrum (IceCv)
  14 deep elf zephyrmancers
  4 orc knights
  7 steelbarb worms
  5 wizards
  3 spectral hydras (Swamp:4)
  13 ugly things
  Pikel (D:9)
  2 orc sorcerers
  A necromancer (WizLab)
  24 deep elf pyromancers
  2 manticores (D:15)
  5 worldbinders (WizLab)
  2 will-o-the-wisps
  18 elephants
  18 wolf spiders
  4 oklob plants
  4 cyclopes
  7 moths of wrath
  2 ice statues (Spider:3)
  A salamander (D:15)
  2 black mambas (Lair:3)
  5 demonic crawlers
  The ghost of bimbombam the Cudgeller, a novice AtFi (D:5)
  Joseph (D:9)
  A water nymph (WizLab)
  A guardian serpent (shapeshifter) (D:15)
  3 gargoyles
  4 torpor snails
  24 cane toads
  2 kobold demonologists
  4 rime drakes
  8 komodo dragons
  6 yaktaurs (Vaults:1)
  4 freezing wraiths
  An anaconda simulacrum (IceCv)
  Psyche (D:10)
  A tengu conjurer (D:14)
  An ice devil (IceCv)
  A polar bear (Lair:5)
  2 unseen horror skeletons (D:9)
  Grinder (D:5)
  3 golden dragon simulacra (IceCv)
  3 hydra zombies (Swamp:4)
  A death drake zombie (Swamp:4)
  13 hornets
  5 trolls
  10 tyrant leeches
  27 tarantellas
  A blink frog (shapeshifter) (D:13)
  A death drake skeleton (Swamp:4)
  3 dream sheep (Lair:5)
  32 blink frogs
  10 slime creatures
  18 culicivoras
  A shadow (D:11)
  5 spriggans
  35 jumping spiders
  2 wraiths
  A vampire (D:12)
  5 basilisks
  3 fire elementals (D:12)
  51 yaks
  An air elemental (Elf:2)
  4 water elementals
  5 steam dragons
  8 wyverns
  3 humans (D:13)
  23 vampire mosquitoes
  Grum (D:11)
  13 swamp worms
  42 redbacks
  A warg (D:15)
  8 hydra simulacra
  18 water moccasins
  8 acid dragons
  2 hell hounds (D:12)
  3 swamp drakes (Swamp:4)
  42 orc warriors
  3 swamp dragon zombies (Swamp:4)
  4 ettin simulacra (IceCv)
  15 ogres
  6 wolves
  A black mamba simulacrum (Lair:3)
  2 boggarts (Elf:1)
  26 centaurs
  2 phantoms (D:6)
  A swamp dragon skeleton (Swamp:4)
  4 lemures (D:9)
  10 kobold brigands
  10 bullfrogs
  2 earth elementals (Elf:2)
  4 necrophages (Swamp:3)
  A gnoll sergeant (D:10)
  5 scorpions
  A cane toad simulacrum (Lair:3)
  9 killer bees
  A lindwurm simulacrum (IceCv)
  A rime drake simulacrum (Lair:3)
  3 electric eels
  A howler monkey (D:11)
  A komodo dragon simulacrum (Lair:3)
  13 orc priests
  2 centaur zombies (D:9)
  2 gnoll boudas (D:11)
  A hound (D:4)
  4 iguanas
  18 orc wizards
  4 hell rats (Lair:4)
  2 polar bear simulacra (Lair:3)
  A centaur simulacrum (D:9)
  8 adders
  19 gnolls
  4 shadow imps
  An ufetubus (D:4)
  A worm (D:2)
  2 dart slugs
  85 orcs
  4 ball pythons
  8 bats
  4 endoplasms
  6 giant cockroaches
  11 goblins
  5 hobgoblins
  2 quokkas
  A frilled lizard (D:1)
  37 kobolds
  13 kobold skeletons (D:8)
  5 kobold zombies (D:8)
  8 rats
1283 creatures vanquished.

Vanquished Creatures (others)
  A boulder beetle (Spider:4)
  A deep elf pyromancer (Elf:3)
  2 bloated husks
  A centaur (Orc:2)
  An orc (Orc:2)
  A kobold (D:9)
  10 foxfires
  22 spectral weapons
39 creatures vanquished.

Grand Total: 1322 creatures vanquished

Notes
Turn   | Place    | Note
-------+----------+-------------------------------------------
     0 | D:1      | Peloso the Minotaur Fighter began the quest for the Orb.
     0 | D:1      | Reached XP level 1. HP: 19/19 MP: 0/0
   207 | D:1      | Reached XP level 2. HP: 27/27 MP: 1/1
   392 | D:1      | Noticed a great orb of eyes
   394 | D:1      | Found a faded altar of an unknown god.
   397 | D:1      | Noticed a golden eye
   401 | D:1      | Noticed a floating eye
   401 | D:1      | Noticed a golden eye
   487 | D:1      | Reached XP level 3. HP: 6/33 MP: 2/2
  2085 | D:3      | Found Motoj's General Store.
  2469 | D:3      | Reached XP level 4. HP: 33/40 MP: 3/3
  3116 | D:3      | Bought a potion of mutation for 88 gold pieces
  3344 | D:4      | Found a snail-covered altar of Cheibriados.
  3363 | D:4      | Reached skill level 1 in Dodging
  3379 | D:4      | Reached XP level 5. HP: 43/46 MP: 4/4
  3506 | D:4      | Reached skill level 5 in Armour
  3508 | D:4      | Found Yclex's Jewellery Emporium.
  3698 | D:4      | Reached skill level 4 in Shields
  4083 | D:5      | Entered Level 5 of the Dungeon
  4083 | D:5      | Noticed bimbombam's ghost (novice AtFi)
  4083 | D:5      | Found a runed translucent door.
  4097 | D:5      | Got the Precepts of Putrescence and Metamorphosis
  4105 | D:5      | Found a runed translucent door.
  4150 | D:5      | Noticed a water moccasin
  4159 | D:5      | Killed a water moccasin
  4160 | D:5      | Reached skill level 5 in Long Blades
  4160 | D:5      | Reached XP level 6. HP: 53/53 MP: 5/5
  4173 | D:5      | Noticed Grinder
  4175 | D:5      | Paralysed by Grinder for 2 turns
  4202 | D:5      | Paralysed by Grinder for 5 turns
  4208 | D:5      | HP: 1/53 [Grinder (3)]
  4209 | D:5      | Killed Grinder
  4210 | D:5      | Reached XP level 7. HP: 2/60 MP: 1/6
  4459 | D:5      | Found a shimmering altar of Xom.
  4495 | D:5      | Found Moroit's Assorted Antiques.
  4499 | D:5      | Bought a scroll labelled OKUKOO GOKU for 22 gold pieces
  4700 | D:5      | Reached skill level 5 in Fighting
  4871 | D:5      | Reached skill level 1 in Stealth
  5018 | D:5      | Bought a glowing kite shield for 165 gold pieces
  5222 | D:6      | Reached XP level 8. HP: 67/69 MP: 5/7
  5268 | D:6      | Found a staircase to the Ecumenical Temple.
  5332 | Temple   | Entered the Ecumenical Temple
  5373 | Temple   | Became a worshipper of Warmaster Okawaru
  5749 | D:6      | Found a sacrificial altar of Ru.
  6064 | D:7      | Found a hide-covered altar of Uskayaw.
  6064 | D:7      | Found an opulent altar of Gozag.
  6145 | D:7      | Reached skill level 5 in Shields
  6848 | D:8      | Reached * piety under Okawaru
  7256 | D:8      | Noticed a kobold demonologist
  7263 | D:8      | Noticed an orange demon
  7266 | D:8      | Noticed a soul eater
  7267 | D:8      | Noticed a red devil
  7268 | D:8      | Killed a kobold demonologist
  7269 | D:8      | Reached XP level 9. HP: 65/78 MP: 4/8
  7420 | D:8      | Found an ancient bone altar of Kikubaaqudgha.
  7667 | D:8      | Reached skill level 6 in Shields
  7710 | D:8      | Noticed a troll
  7724 | D:8      | Killed a troll
  7724 | D:8      | Reached ** piety under Okawaru
  7725 | D:8      | Reached skill level 10 in Long Blades
  8331 | D:9      | Noticed Pikel
  8346 | D:9      | Reached skill level 7 in Shields
  8348 | D:9      | Reached *** piety under Okawaru
  8362 | D:9      | Reached XP level 10. HP: 69/88 MP: 7/9
  8389 | D:9      | Killed Pikel
  8582 | D:9      | Noticed Erolcha
  8588 | D:9      | Killed Erolcha
  8589 | D:9      | Reached **** piety under Okawaru
  8590 | D:9      | Reached skill level 8 in Shields
  8694 | D:9      | Found a stormy altar of Qazlal.
  8725 | D:9      | Noticed Joseph
  8736 | D:9      | Killed Joseph
  8740 | D:9      | Reached skill level 9 in Shields
  8777 | D:9      | Received a gift from Okawaru
  8883 | D:9      | Found a broken altar of Ashenzari.
  8888 | D:9      | Found a blossoming altar of Fedhas.
  8892 | D:9      | Found a hazy altar of Hepliaklqana.
  8934 | D:9      | Found a staircase to the Orcish Mines.
  8971 | D:9      | Reached skill level 10 in Shields
  8975 | D:9      | Reached ***** piety under Okawaru
  9260 | D:10     | Entered Level 10 of the Dungeon
  9300 | D:10     | Reached XP level 11. HP: 86/95 MP: 10/10
  9302 | D:10     | Noticed Lodul
  9317 | D:10     | Found Fecucoub's Weapon Emporium.
  9363 | D:10     | Reached skill level 10 in Armour
  9363 | D:10     | Reached skill level 5 in Dodging
  9363 | D:10     | Reached skill level 11 in Shields
  9363 | D:10     | Reached XP level 12. HP: 15/106 MP: 2/11
  9372 | D:10     | Received a gift from Okawaru
  9595 | D:10     | Noticed Urug
  9598 | D:10     | Found a flagged portal.
  9609 | D:10     | Killed Urug
  9610 | D:10     | Reached skill level 10 in Fighting
  9621 | Bailey   | Entered a bailey
 10156 | D:10     | Found a burning altar of Makhleb.
 10158 | D:10     | Noticed an Executioner
 10294 | D:10     | Reached skill level 12 in Shields
 10303 | D:10     | Killed Lodul
 10344 | D:10     | Found a staircase to the Lair.
 10461 | D:10     | Noticed Psyche
 10469 | D:10     | Killed Psyche
 10920 | D:10     | Received a gift from Okawaru
 10991 | D:10     | Found a white marble altar of Elyvilon.
 11041 | D:10     | Reached skill level 13 in Shields
 11114 | D:11     | Noticed a two-headed ogre
 11118 | D:11     | Killed a two-headed ogre
 11556 | D:11     | Noticed a two-headed ogre
 11562 | D:11     | Killed a two-headed ogre
 11719 | D:11     | Noticed Sonja
 11755 | D:11     | Killed Sonja
 11891 | D:11     | Noticed Grum
 11914 | D:11     | Received a gift from Okawaru
 11919 | D:11     | Killed Grum
 12160 | D:11     | Reached XP level 13. HP: 116/116 MP: 12/12
 12264 | Lair:1   | Entered Level 1 of the Lair of Beasts
 12542 | Lair:1   | Reached skill level 14 in Shields
 13255 | D:12     | Noticed Fannar
 13312 | D:12     | Killed Fannar
 13312 | D:12     | Received a gift from Okawaru
 13723 | D:12     | Noticed Azrael
 13733 | D:12     | Killed Azrael
 13894 | D:12     | Noticed Jorgrun
 13908 | D:12     | Killed Jorgrun
 14323 | Lair:2   | Reached skill level 1 in Invocations
 14324 | Lair:2   | Reached skill level 15 in Long Blades
 14339 | Lair:2   | Received a gift from Okawaru
 14468 | Lair:2   | Reached skill level 15 in Shields
 14581 | Lair:2   | You are sucked into a shaft and drop 1 floor!
 14581 | Lair:3   | Found a dark tunnel.
 14585 | Volcano  | Entered a volcano
 14764 | Volcano  | Noticed a red draconian
 14789 | Volcano  | Killed a red draconian
 15273 | Lair:2   | Found a hole to the Spider Nest.
 15817 | Lair:3   | Found a staircase to the Swamp.
 15869 | Lair:3   | Found a runed translucent gate.
 15869 | Lair:3   | Found a runed translucent gate.
 15869 | Lair:3   | Found a runed translucent gate.
 15887 | Lair:3   | Noticed Ihait's ghost (journeyman DECj)
 16136 | Lair:3   | Reached XP level 14. HP: 119/127 MP: 12/14
 16355 | Lair:3   | Killed Ihait's ghost
 16641 | Lair:3   | Got the ring "Yfriwow" {Fire rN+ Will- Str+2 Dex+2}
 16796 | Orc:1    | Entered Level 1 of the Orcish Mines
 16964 | Orc:2    | Entered Level 2 of the Orcish Mines
 17233 | Orc:1    | Reached skill level 16 in Shields
 17505 | Orc:2    | Found Homur's Jewellery Shoppe.
 17505 | Orc:2    | Found Miarauw's Weapon Boutique.
 17507 | Orc:2    | Found Kaiwasch's Book Shop.
 17509 | Orc:2    | Found Vounn's Jewellery Emporium.
 17702 | Orc:2    | Identified the +3 kite shield of Gallantry {rF+ Will++}
                  | (Okawaru gifted it to you on level 2 of the Orcish Mines)
 17702 | Orc:2    | Received a gift from Okawaru
 18067 | Orc:1    | Paralysed by an orc sorcerer for 2 turns
 18507 | Orc:2    | Found a staircase to the Elven Halls.
 19701 | Lair:4   | Found a staircase to the Slime Pits.
 19724 | Lair:4   | Reached skill level 17 in Shields
 20740 | Lair:5   | Entered Level 5 of the Lair of Beasts
 20877 | Lair:5   | Reached ****** piety under Okawaru
 20976 | Lair:5   | Identified the +7 chain mail "Nizep" {*Slow rF- Regen+
                  | Int+6} (Okawaru gifted it to you on level 5 of the Lair of
                  | Beasts)
 20976 | Lair:5   | Received a gift from Okawaru
 20977 | Lair:5   | Reached skill level 18 in Shields
 21351 | Lair:5   | Reached XP level 15. HP: 137/137 MP: 15/15
 21473 | Lair:5   | Identified the +4 ring mail of the Tomato {-Cast Harm Str-5
                  | Slay+6}
 22187 | Lair:5   | Identified the staff of fire "Pophuam" {rF+ Int+3}
 22349 | D:13     | Found an ornate altar of the Wu Jian Council.
 22349 | D:13     | Found a transporter.
 22532 | D:13     | Found a transporter.
 22538 | D:13     | Found a one-way gate to the infinite horrors of the Abyss.
 22538 | D:13     | Noticed bimbombam's ghost (journeyman AtFi)
 22543 | D:13     | Found a transporter.
 22544 | D:13     | Identified the +0 long sword of Karma {heavy, Stlth+}
 22563 | D:13     | Noticed an Executioner
 22567 | D:13     | Found a glowing silver altar of Zin.
 22624 | D:13     | Reached skill level 19 in Shields
 22699 | D:13     | Found a transporter.
 22726 | D:13     | Identified a scroll of acquirement
 22747 | D:13     | Identified the +1 ring mail "Angotwob" {rPois}
 22860 | D:13     | Found a transporter.
 22999 | D:13     | Found an ornate altar of the Wu Jian Council.
 22999 | D:13     | Noticed a vault warden
 23074 | D:13     | Found a transporter.
 23120 | D:14     | Found Nijunwow's Book Shoppe.
 23155 | D:14     | Received a gift from Okawaru
 24014 | D:14     | Found a gate to the Vaults.
 24031 | D:14     | Reached skill level 1 in Evocations
 24797 | D:15     | Entered Level 15 of the Dungeon
 24934 | D:15     | Reached skill level 20 in Shields
 25501 | D:15     | Found a staircase to the Depths.
 25507 | D:15     | Reached XP level 16. HP: 147/147 MP: 16/16
 25914 | D:5      | Killed bimbombam's ghost
 26103 | D:13     | Reached skill level 15 in Fighting
 26434 | Elf:1    | Entered Level 1 of the Elven Halls
 26451 | Elf:1    | Received a gift from Okawaru
 26582 | Elf:1    | Found a portal to a secret trove of treasure.
 26951 | Elf:1    | Found Xeapsaxt's Tiny Tomes.
 27115 | Elf:1    | Found Vugau's Magic Scroll Shop.
 27126 | Elf:1    | Bought a scroll of blinking for 120 gold pieces
 27199 | Elf:2    | Found Bacs's Armour Shoppe.
 27201 | Elf:2    | Found Nukhlo's Antique Armour Emporium.
 27208 | Elf:2    | Found Intek's Assorted Antiques.
 27229 | Elf:2    | Reached skill level 21 in Shields
 27234 | Elf:2    | Received a gift from Okawaru
 27262 | Elf:2    | Bought a polished cloak for 304 gold pieces
 27262 | Elf:2    | Identified the +0 cloak of Hubris {rElec rF+} (You bought
                  | it in a shop on level 2 of the Elven Halls)
 27276 | Elf:2    | Bought a masterwork plate armour for 700 gold pieces
 27276 | Elf:2    | Identified the +9 plate armour of Focus {+Inv rC- rN+
                  | Dex+6} (You bought it in a shop on level 2 of the Elven
                  | Halls)
 27462 | Elf:2    | Paralysed by an air elemental for 1 turns
 27711 | Elf:2    | Reached skill level 15 in Armour
 27721 | Elf:2    | Found a runed translucent gate.
 27723 | Elf:2    | Found a runed translucent gate.
 27723 | Elf:2    | Found a runed translucent gate.
 27844 | Elf:3    | Entered Level 3 of the Elven Halls
 27870 | Elf:3    | Received a gift from Okawaru
 28126 | Elf:3    | Found Veyf's Jewellery Emporium.
 28256 | Elf:3    | Found a shimmering altar of Xom.
 28330 | Elf:3    | Noticed a deep elf blademaster
 28384 | Elf:3    | Found an ancient bone altar of Kikubaaqudgha.
 28654 | Elf:3    | Noticed a deep elf blademaster
 28686 | Elf:3    | Killed a deep elf blademaster
 28690 | Elf:3    | Noticed a deep elf master archer
 28701 | Elf:3    | Killed a deep elf master archer
 28701 | Elf:3    | Received a gift from Okawaru
 29043 | Elf:3    | Noticed a deep elf master archer
 29044 | Elf:3    | Noticed a deep elf master archer
 29064 | Elf:3    | Killed a deep elf master archer
 29066 | Elf:3    | Killed a deep elf master archer
 29067 | Elf:3    | Reached XP level 17. HP: 128/158 MP: 17/17
 29614 | Elf:3    | Identified the ring of Res Nullius {Wiz rF+}
 29621 | Elf:3    | Killed a deep elf blademaster
 29627 | Elf:3    | Identified the +1 mace "Jiudado" {flame, rN+ rCorr SInv}
 29634 | Elf:3    | Reached skill level 22 in Shields
 30158 | Elf:3    | Noticed a deep elf master archer
 30160 | Elf:3    | Killed a deep elf master archer
 30185 | Elf:3    | Identified the ring of Zugreng {Fly rPois rF+++ Str+3
                  | Int-3}
 30894 | Elf:3    | Identified the +1 helmet "Joucli" {Drain Dex+6}
 30919 | Elf:3    | Identified the staff of poison "Yhum" {rPois Str+4}
 31256 | Spider:1 | Entered Level 1 of the Spider Nest
 31296 | Spider:1 | Noticed Louise
 31309 | Spider:1 | Killed Louise
 31856 | Spider:1 | Identified the +2 flail of Infinity {heavy, Str+2 Dex+4}
 31995 | Spider:1 | Identified the +1 robe of the Locust {+Inv Fly Dex-5
                  | Slay+5} (Okawaru gifted it to you on level 1 of the Spider
                  | Nest)
 31995 | Spider:1 | Received a gift from Okawaru
 32159 | Spider:1 | Noticed Donald
 32169 | Spider:1 | Killed Donald
 32854 | Spider:2 | Reached skill level 23 in Shields
 33191 | Spider:2 | Noticed Aizul
 33200 | Spider:2 | Killed Aizul
 33594 | Swamp:1  | Entered Level 1 of the Swamp
 34779 | Swamp:2  | Reached XP level 18. HP: 170/170 MP: 18/18
 35729 | Spider:3 | Found a frozen archway.
 35763 | IceCv    | Entered an ice cave
 36131 | IceCv    | Identified the +0 scale mail "Angam Imaot" {Harm rC+ Str+3
                  | SInv} (Okawaru gifted it to you in an ice cave)
 36131 | IceCv    | Received a gift from Okawaru
 36204 | IceCv    | Noticed an Ice Fiend
 36206 | IceCv    | Killed an Ice Fiend
 36217 | IceCv    | Got Sif Muna's Catalogue of the Blizzard
 36574 | Spider:3 | Reached skill level 24 in Shields
 37495 | Spider:4 | Entered Level 4 of the Spider Nest
 37901 | Spider:4 | Received a gift from Okawaru
 38675 | Spider:4 | Identified the +7 scimitar "Beastbane" {freeze, Dex+8}
                  | (Okawaru gifted it to you on level 4 of the Spider Nest)
 38675 | Spider:4 | Received a gift from Okawaru
 39228 | Spider:4 | Got a gossamer rune of Zot
 39231 | Spider:4 | Identified the +0 hat of Minor Irritation {Int+2 Dex+5}
 39781 | Swamp:3  | Reached XP level 19. HP: 178/180 MP: 19/19
 39832 | Swamp:3  | Reached skill level 25 in Shields
 39943 | Swamp:3  | Noticed Bai Suzhen
 39957 | Swamp:3  | Killed Bai Suzhen
 39958 | Swamp:3  | Reached skill level 5 in Stealth
 39967 | Swamp:3  | Received a gift from Okawaru
 40497 | Swamp:4  | Entered Level 4 of the Swamp
 41445 | Swamp:4  | Received a gift from Okawaru
 42168 | Swamp:4  | Found a blossoming altar of Fedhas.
 42343 | Swamp:4  | Found a basalt altar of Yredelemnul.
 42355 | Swamp:4  | Got a decaying rune of Zot
 42976 | Vaults:1 | Entered Level 1 of the Vaults
 43166 | Vaults:1 | Identified the +2 cloak of Peek-a-Boo {Will+++ Dex-2 SInv}
                  | (Okawaru gifted it to you on level 1 of the Vaults)
 43166 | Vaults:1 | Received a gift from Okawaru
 43180 | Vaults:1 | Reached skill level 26 in Shields
 43243 | Vaults:1 | Found Faegusot's Antique Weapon Shoppe.
 43293 | Vaults:1 | Found a magical portal.
 43408 | WizLab   | Entered Alistair's Party Mansion
 43630 | WizLab   | Got the Handbook of Vitiation and Shapeshifting
 43746 | WizLab   | HP: 2/178 [acid blob/splash of acid[a demonspawn corrupter]
                  | (18)]
 43746 | WizLab   | Slain by an acid blob

Illustrated notes

Levels and vault maps discovered:
D:1:      tarquinn_simple_flora_water_a, layout_loops_corners,
          hellmonk_ecumenical_altar_watching_god, serial_forest,
          infiniplex_forest_lined_room_2, infiniplex_forest_end_3,
          infiniplex_forest_zigzag_1, infiniplex_forest_clump_medium,
          infiniplex_forest_end_3, infiniplex_forest_end_3,
          infiniplex_forest_lined_corner, infiniplex_forest_clump_small,
          infiniplex_forest_lined_corner, infiniplex_forest_lined_3
D:2:      layout_rooms, minmay_unequal
D:3:      layout_basic, serial_shops, shop
D:4:      layout_basic, amcnicky_altar_gilded, serial_shops, shop
D:5:      minmay_skewed_foursquare, layout_basic, kennysheep_little_box,
          ebering_ghost_sewer_f, serial_shops, nicolae_shop_back_alley_shop,
          uniq_grinder
D:6:      layout_loops_ring, nicolae_overflow_hidden_temple,
          minmay_temple_entry_offerings
D:7:      kennysheep_steamy, layout_loops_ring, gammafunk_temple_overflow_statue
D:8:      wander_kiku_kobolds, layout_loops_cross, serial_rivers,
          chequers_serial_rivers_small_a, chequers_serial_rivers_room_a,
          chequers_serial_rivers_marsh, chequers_serial_rivers_micro_a,
          chequers_serial_rivers_marsh, chequers_serial_rivers_large_a, hex_tiny
D:9:      layout_rooms, minmay_overflow_temple_star_quad,
          mainiacjoe_overflow_brackets, minmay_orc_entry_temple_small,
          hangedman_weighted_door, minmay_misc_feat_cross, uniq_pikel,
          uniq_joseph, uniq_erolcha
D:10:     layout_rooms, makhleb_altar_promises_db, marbit_many_paths,
          minmay_lair_entry_grove, serial_shops, shop, enter_bailey_3,
          minivault_19, chequers_serial_rivers_micro_e,
          hangedman_abyss_or_decor_jellyfish_corner, uniq_psyche, uniq_lodul,
          uniq_urug
D:11:     kennysheep_seaside_town, layout_basic, uniq_grum, uniq_sonja
D:12:     layout_basic, serial_corexii_hall, corexii_hall_statues_l,
          chequers_hall_statues_y, uniq_jorgrun, uniq_azrael, uniq_fannar
D:13:     dreamdust_wu_jian_sword_trials, layout_irregular_city,
          gammafunk_ghost_abyssal_escape, zin_academy
D:14:     layout_long_grid, skrybe_vaults_entry_preservation,
          minmay_stone_trees_small, nicolae_stop_n_shop_1
D:15:     hangedman_depths_entry_try_elsewhere_first, layout_basic,
          nrook_pool_corridor, glass_columns_c
Temple:   jpeg_temple_clearing
Lair:1:   layout_gridlike
Lair:2:   layout_cave_pods, spider_nest_entry_web_field
Lair:3:   layout_big_grid, minmay_swamp_entry_eels, gammafunk_ghost_icy,
          nicolae_volcano_entry_lava_flow, minmay_hedge_maze, minmay_holes,
          st_stairs_7
Lair:4:   hellmonk_destroyed_diamonds, layout_small_grid, slime_entry_1
Lair:5:   minmay_lair_end_frog_pond, layout_gridlike
Swamp:1:  layout_basic_swamp, nicolae_swamp_triple_paths, swamp_pool1,
          hangedman_swamp_lotus
Swamp:2:  layout_basic_swamp, hangedman_swamp_cone
Swamp:3:  nicolae_swamp_tree_isthmus, layout_basic_swamp,
          nicolae_swamp_small_spring, swamp_pool1, hangedman_swamp_ravenous,
          uniq_bai_suzhen
Swamp:4:  byrel_swamp_growth_death_and_undeath, layout_basic_swamp, swamp_pool2,
          nicolae_swamp_stuck_in_the_mud
Spider:1: layout_spider_delve, uniq_donald, uniq_louise
Spider:2: layout_spider_delve, hangedman_spider_tarantella_strand, uniq_aizul
Spider:3: layout_cave_pods, portal_ice_cave_entry_ice_statue_two,
          nicolae_spider_acid_house
Spider:4: grunt_spider_rune_parallel
Orc:1:    layout_caves
Orc:2:    st_orc_rangers, layout_caves, special_room, rock_pile
Elf:1:    nicolae_elf_arrival_fired_up, layout_geoelf_grid, serial_shops, shop,
          enter_trove_2, hangedman_elf_disciples,
          nicolae_shop_i_like_small_books_too
Elf:2:    nicolae_elf_blades_crystal_corner, layout_rooms, minmay_shop_star
Elf:3:    minmay_elf_hall, layout_rooms, serial_shops, shop, st_stairs_10,
          hangedman_feature_mirror
Vaults:1: mu_enter_wizlab_1, hangedman_vaults_maws,
          nicolae_vaults_little_squares_3, vaults_mumra_bighexcomb,
          nicolae_vaults_meiosis, vaults_dpeg_encased_lava,
          nicolae_vaults_shelves_hall, nicolae_vaults_tetromino_L_2,
          v_pattern_1, nicolae_vaults_mitosis, nicolae_vaults_network_star,
          v_misc_30, ontoclasm_vaults_fault, layout_vaults_omnibox,
          serial_shops, nicolae_shop_real_fake_doors
WizLab:   wizlab_alistair

Skill      XL: |  1  2  3  4  5  6  7  8  9 10 11 12 13 14 15 16 17 18 19 |
---------------+----------------------------------------------------------+-----
Armour         | 4 5 6 8 9 10 11 13 14 15 16 17 | 17.0
Long Blades    | 3 4 5 6 7 9 10 12 13 14 15 16 17 18 19 20 | 20.3
Fighting       | 4 5 6 7 8 9 11 12 13 14 16 17 18 19 | 19.3
Dodging        | 1 2 3 5 6 7 8 9 |  9.8
Shields        | 4 5 7 10 11 13 15 18 20 21 23 24 26 | 26.2
Stealth        | 1 2 3 4 5 |  5.8
Invocations    | 1 2 |  2.4
Evocations     | 1 |  1.2

Action                     |  1- 3 |  4- 6 |  7- 9 | 10-12 | 13-15 | 16-18 | 19-21 || total
---------------------------+-------+-------+-------+-------+-------+-------+-------++-------
  Melee: Long sword        |   246 |    95 |   374 |   185 |       |       |       ||   900
         Headbutt          |    69 |    12 |    89 |   106 |   343 |   328 |   127 ||  1074
         Scimitar          |       |       |       |   274 |  1283 |    44 |       ||  1601
         Double sword      |       |       |       |       |       |  1058 |   349 ||  1407
 Invoke: Heroism           |       |       |     1 |     3 |     7 |     8 |     5 ||    24
  Evoke: Wand              |       |       |       |     4 |    10 |     5 |       ||    19
    Use: Potion            |     3 |     2 |       |     4 |     1 |     4 |     4 ||    18
         Scroll            |     3 |       |     5 |     7 |     8 |    11 |     5 ||    39
   Stab: Distracted        |       |       |       |       |       |    22 |    12 ||    34
         Sleeping          |       |       |       |       |       |     1 |       ||     1
         Confused          |       |       |       |       |       |       |     1 ||     1
 Armour: Scale mail        |    48 |    16 |       |       |       |       |       ||    64
         Chain mail        |       |    29 |   145 |   195 |   601 |   118 |    15 ||  1103
         Plate armour      |       |       |    36 |       |       |   338 |   163 ||   537
  Dodge: Dodged            |    49 |    61 |   179 |   331 |   923 |   436 |   153 ||  2132
  Block: Buckler           |    18 |    20 |     8 |       |       |       |       ||    46
         Kite shield       |       |       |   166 |   414 |  1720 |  1494 |   416 ||  4210
         Reflection        |       |       |       |       |    37 |    76 |    23 ||   136
